 Dungeon Crawl Stone Soup version 0.17.0-56-gd8de76c (webtiles) character file.

1087 Larett the Fighter (level 8, 0/80 HPs)
             Began as a Hill Orc Fighter on Dec 6, 2015.
             Was a Follower of Beogh.
             Slain by an ice beast (14 damage)
             ... on level 5 of the Dungeon.
             The game lasted 00:14:39 (5623 turns).

Larett the Fighter (Hill Orc Fighter)               Turns: 5623, Time: 00:14:39

Health: 0/80       AC: 12    Str: 21    XL:     8   Next: 30%
Magic:  8/8        EV:  7    Int:  8    God:    Beogh [*.....]
Gold:   267        SH:  0    Dex: 10    Spells: 0 memorised, 7 levels left

rFire  . . .     SeeInvis .     y - +3 short sword
rCold  . . .     Clarity  .     f - +1 chain mail
rNeg   . . .     SustAt   .     (no shield)
rPois  +         Gourm    .     x - +0 helmet
rElec  .         Spirit   .     (no cloak)
rCorr  .         Warding  .     (no gloves)
rMut   .         Stasis   .     H - +0 pair of boots
MR     .....                    m - amulet of regeneration
Stlth  ..........               F - ring of stealth
                                M - ring of poison resistance

@: drained, not resistant to hostile enchantments, extremely unstealthy
A: no striking features
a: Renounce Religion


You were on level 5 of the Dungeon.
You worshipped Beogh.
Beogh was aware of your devotion.
You were hungry.

You visited 1 branch of the dungeon, and saw 6 of its levels.

You collected 267 gold pieces.

Inventory:

Hand Weapons
 a - a +0 war axe
 b - a +0 hunting sling
 q - a +3 morningstar
 v - a +0 blowgun
 w - a +1 dagger of speed
 y - a +3 short sword (weapon)
 G - a +0 morningstar
Missiles
 h - 31 arrows of frost
 j - 2 needles of confusion
 l - 7 arrows of dispersal
 o - 42 poisoned needles
 s - 20 sling bullets
 t - 109 stones (quivered)
 D - 30 arrows
 J - 2 throwing nets
 N - 7 needles of sleeping
 R - 20 bolts
Armour
 c - a +0 shield
 f - a +1 chain mail (worn)
 x - a +0 helmet (worn)
 H - a +0 pair of boots (worn)
Jewellery
 g - an uncursed ring of flight
 m - an amulet of regeneration (around neck)
 F - a ring of stealth (right hand)
 M - a ring of poison resistance (left hand)
 P - an uncursed ring of protection from fire
 S - an uncursed ring of fire
Wands
 d - a wand of enslavement (15)
 A - a wand of cold (5)
 C - a wand of disintegration (9)
Scrolls
 p - a scroll of enchant weapon
 r - a scroll of amnesia
 u - a scroll of fear
 K - 2 scrolls of noise
Potions
 i - a potion of curing
 k - a potion of flight
Books
 B - a book of Transfigurations

   Spells                             Type                      Level
   a - Stoneskin                      Transmutation/Earth          2
   b - Irradiate                      Conjuration/Transmutation    5
   c - Statue Form                    Transmutation/Earth          6
   d - Hydra Form                     Transmutation                6
   e - Dragon Form                    Transmutation                7
 L - a Grand Grimoire

   Spells                             Type                      Level
   a - Monstrous Menagerie            Summoning                    6
   b - Summon Greater Demon           Summoning                    7
   c - Malign Gateway                 Summoning/Translocation      7
   d - Summon Horrible Things         Summoning                    8
Comestibles
 e - 6 bread rations
 n - a beef jerky
 z - a slice of pizza
 O - a meat ration


   Skills:
 * Level 10.3(9.0) Fighting
 + Level 3.8(2.7) Short Blades
 - Level 2.6(1.6) Axes
 + Level 2.1(1.0) Slings
 - Level 3.2(2.2) Armour
 - Level 3.2(2.2) Shields


You had 7 spell levels left.
You didn't know any spells.

Dungeon Overview and Level Annotations

Branches:
Dungeon (6/15)
 Temple: D:4-7

Altars:
Ashenzari
Cheibriados
Gozag
Kikubaaqudgha
Makhleb


Message History

The ice beast closely misses you.
You hit the ice beast but do no damage.
The ice beast is heavily wounded.
The ice beast hits you. The ice beast freezes you!
You hit the ice beast.
The ice beast is heavily wounded.
The ice beast hits you but does no damage.
You hit the ice beast.
The ice beast is heavily wounded.
The ice beast hits you. The ice beast freezes you!
* * * LOW HITPOINT WARNING * * *
You hit the ice beast but do no damage.
The ice beast is heavily wounded.
The ice beast hits you but does no damage.
You hit the ice beast.
The ice beast is severely wounded.
The ice beast hits you.
* * * LOW HITPOINT WARNING * * *
The ice beast freezes you!
You die...

......######
#...#......#
##.#######.# #.# #.#
##### #)#
#####.####...##
##'###.........###.##
#...##.###.##.#####.#
.....#.# #.......##.#
.......# ###..##@##.#
.......####....#Y#.##
.............Y..o.##
..............##.##
......#.####.###.#
.....##.# ##.###.#
#...###.# #......#
##+## #.# #..#####
#.# #.# #..#


You could see an ice beast and an orc.

Vanquished Creatures
  Eustachio (D:6)
  The ghost of mango the Insei, an amateur OpTm of Makhleb (D:3)
  An ice beast (D:6)
  2 phantoms
  A big kobold (D:4)
  Blork the orc (D:6)
  2 wights (D:6)
  A crimson imp (D:5)
  An orc priest (D:4)
  A jelly (D:5)
  2 iguanas
  A hound skeleton (D:5)
  8 adders
  An ooze (D:2)
  4 worms
  7 giant geckos
  11 orcs
  A ball python (D:4)
  8 giant cockroaches
  6 goblins
  5 hobgoblins
  3 jackals
  9 kobolds
  A quokka (D:2)
  7 bats
  2 giant gecko skeletons
  4 giant newts
  6 rats
  A plant (D:4)
99 creatures vanquished.

Notes
Turn   | Place    | Note
--------------------------------------------------------------
     0 | D:1      | Larett the Hill Orc Fighter began the quest for the Orb.
     0 | D:1      | Reached XP level 1. HP: 19/19 MP: 1/1
   206 | D:1      | Reached skill level 4 in Fighting
   276 | D:1      | Reached XP level 2. HP: 27/27 MP: 2/2
   946 | D:2      | Found an ancient bone altar of Kikubaaqudgha.
   999 | D:2      | Reached skill level 5 in Fighting
   999 | D:2      | Reached XP level 3. HP: 27/36 MP: 3/3
  1727 | D:2      | Reached XP level 4. HP: 42/44 MP: 4/4
  1866 | D:3      | Found a faded altar to an unknown god.
  2125 | D:3      | Became a worshipper of Beogh the Brigand
  2159 | D:3      | Reached skill level 6 in Fighting
  2187 | D:3      | Noticed mango's ghost (amateur OpTm)
  2216 | D:3      | Killed mango's ghost
  2216 | D:3      | Reached skill level 7 in Fighting
  2216 | D:3      | Reached skill level 1 in Short Blades
  2216 | D:3      | Reached XP level 5. HP: 11/52 MP: 5/5
  2427 | D:3      | Noticed a phantom
  2476 | D:3      | Killed a phantom
  2476 | D:3      | Reached skill level 1 in Slings
  2476 | D:3      | Reached XP level 6. HP: 50/61 MP: 6/6
  3219 | D:4      | Reached skill level 8 in Fighting
  3259 | D:4      | Reached XP level 7. HP: 57/69 MP: 7/7
  3304 | D:4      | Reached * piety under Beogh
  3650 | D:4      | Found a burning altar of Makhleb.
  3650 | D:4      | Found a shattered altar of Ashenzari.
  4203 | D:5      | Entered Level 5 of the Dungeon
  4336 | D:5      | Reached skill level 9 in Fighting
  4965 | D:5      | Found a snail-covered altar of Cheibriados.
  5245 | D:6      | Found an opulent altar of Gozag.
  5321 | D:6      | Noticed Eustachio
  5324 | D:6      | Noticed Blork the orc
  5337 | D:6      | Killed Blork the orc
  5337 | D:6      | Reached XP level 8. HP: 79/79 MP: 8/8
  5340 | D:6      | Killed Eustachio
  5340 | D:6      | Reached skill level 10 in Fighting
  5623 | D:5      | Slain by an ice beast

Action                   |  1- 3 |  4- 6 |  7- 9 || total
-------------------------+-------+-------+-------++-------
Melee: War axe           |   110 |     9 |       ||   119
       Dagger            |    45 |    38 |       ||    83
       Short sword       |       |   122 |   264 ||   386
 Fire: Hunting sling     |       |    12 |       ||    12
Throw: Stone             |       |     3 |       ||     3
Invok: Convert to Beogh  |       |     1 |       ||     1
  Use: Scroll            |     3 |       |     6 ||     9
       Potion            |     1 |     1 |     9 ||    11
  Eat: Chunk             |     3 |     6 |     8 ||    17
